 Dungeon Crawl Stone Soup version 0.31-a0-977-gc230f8ef24 (webtiles) character file.

Game seed: 6603598847832284149

4 strifetoe the Covered (level 1, -1/19 HPs)
             Began as an Armataur Fighter on Oct 29, 2023.
             Slain by a gnoll
             ... wielding a +0 club
              (3 damage)
             ... on level 1 of the Dungeon.
             The game lasted 00:00:13 (116 turns).

strifetoe the Covered (Armataur Fighter)             Turns: 116, Time: 00:00:13

Health: -1/19      AC:  6    Str: 21    XL:     1   Next: 50%
Magic:  1/1        EV:  7    Int:  8    God:
Gold:   30         SH:  4    Dex:  9    Spells: 0/0 levels left

rFire   . . .        a - +0 war axe
rCold   . . .        c - +0 buckler
rNeg    . . .        b - +0 scale mail
rPois   .            (no helmet)
rElec   .            (no cloak)
rCorr   .            (no gloves)
SInv    .            (no barding)
Will    .....        (no amulet) Stlth
                     (no ring)
HPRegen 0.23/turn    (no ring)
MPRegen 0.07/turn

%: roll
@: mighty
A: large, rugged brown scales 3, deformed body, armoured tail, roll, long
tongue, awkward tongue
a: no special abilities


You were on level 1 of the Dungeon.
You visited 1 branch of the dungeon, and saw 1 of its levels.

You collected 30 gold pieces.

Inventory:

Hand Weapons
 a - a +0 war axe (weapon)
Armour
 b - a +0 scale mail (worn)
 c - a +0 buckler (worn)


   Skills:
 - Level 2.6 Fighting
 + Level 1.9 Axes
 - Level 3.6 Armour
 - Level 3.2 Shields


You couldn't memorise any spells.
You didn't know any spells.
Your spell library was empty.

Dungeon Overview and Level Annotations

Branches:
Dungeon (1/15)

Altars:


Innate Abilities, Weirdness & Mutations

You are completely covered in rugged brown scales. (AC +3, +7% HP)
Armour fits poorly on your strangely shaped body.
You have a long armoured tail.
You roll when moving toward enemies. (Rampage)
Your long tongue fully drains potion bottles. (2x potion effects)
Your tongue gives you trouble enunciating. (1.5x scroll delay)


Message History

Found a leather armour.
You now have 30 gold pieces (gained 8).
You open the door.
There is an open door here.
As you open the door, it creaks loudly!
There is an open door here.
A goblin comes into view. It is wielding a +0 dagger.
The goblin shouts!
A goblin is nearby!
You roll towards the goblin!
A hobgoblin comes into view.
You roll towards the goblin!
The goblin hits you with a +0 dagger.
You slash the goblin!
You kill the goblin!
You roll towards the hobgoblin!
A gnoll comes into view. It is wielding a +0 club.
The gnoll shouts!
The hobgoblin hits you but does no damage.
You hit the hobgoblin.
The hobgoblin is moderately wounded.
The hobgoblin hits you.
A quokka comes into view.
The hobgoblin closely misses you.
You slash the hobgoblin!
You kill the hobgoblin!
You slash the gnoll! The gnoll hits you with a +0 club.
You hit the gnoll.
The gnoll is severely wounded.
The gnoll hits you with a +0 club. x2
* * * LOW HITPOINT WARNING * * *
You are too injured to fight recklessly!
You are too injured to fight recklessly!
There are monsters nearby!
There are monsters nearby!
There are monsters nearby!
Unknown command.
You feel very mighty all of a sudden.
You slurp down every last drop of the potion of might!
The gnoll hits you with a +0 club.
You die...

..##.###.###.###.#.##
.....# #.# #.# #.#.#
...........#.###...+
#.##...............#
#.##..##.#.#.###.#.#
#....... # #.#.#
#.##..### #.#.# .
#.##..# #.###)#.#....
#.##..# #....@g.r....
#.###†#.##### ......
......... #####.#####
.# .# #


You could see a gnoll and a quokka.

Vanquished Creatures
  A goblin (D:1)
  2 hobgoblins (D:1)
3 creatures vanquished.

Notes
Turn   | Place    | Note
-------+----------+-------------------------------------------
     0 | D:1      | strifetoe the Armataur Fighter began the quest for the Orb.
     0 | D:1      | Reached XP level 1. HP: 19/19 MP: 1/1
   116 | D:1      | Slain by a gnoll

Illustrated notes

Levels and vault maps discovered:
D:1:      noname_arrival_rooms_in_the_neighbourhood, layout_basic, serial_shops,
          nicolae_shop_back_alley_shop, hex_intersection

Action                     || total
---------------------------++-------
  Melee: War axe           ||     6
    Use: Potion            ||     1
 Armour: Scale mail        ||     8
  Dodge: Dodged            ||     1
  Block: Buckler           ||     1

Table legend: (Time is in decaauts)
 A = Elapsed time spent in this place.
 B = Non-inter-level travel time spent in this place.
 C = Inter-level travel time spent in this place.
 D = Time resting spent in this place.
 E = Time spent auto-exploring this place.
 F = Levels seen in this place.
 G = Mean time per level.
                   A        B        C        D        E       F      G
               +--------+--------+--------+--------+--------+-----+--------+
         Total |    119 |    119 |      0 |      0 |     99 |   1 |  119.0 |
       Dungeon |    119 |    119 |      0 |      0 |     99 |   1 |  119.0 |
               +--------+--------+--------+--------+--------+-----+--------+

Top non-repeatable levels by time:
     D:1: 119 daAuts
